 Dungeon Crawl Stone Soup version 0.28.0 (webtiles) character file.

Game seed: 16367117697834245334

27 night the Stinger (level 3, -1/20 HPs)
             Began as a Gargoyle Venom Mage on Feb 11, 2022.
             Slain by an adder (4 damage)
             ... on level 2 of the Dungeon.
             The game lasted 00:02:11 (827 turns).

night the Stinger (Gargoyle Venom Mage)              Turns: 827, Time: 00:02:12

Health: -1/20      AC:  5    Str: 11    XL:     3   Next: 10%
Magic:  0/6        EV: 11    Int: 17    God:
Gold:   78         SH:  0    Dex: 10    Spells: 3/6 levels left

rFire   . . .      SeeInvis .   b - +0 spear
rCold   . . .      Faith    .   (no shield)
rNeg    + . .      Spirit   .   a - +0 robe
rPois   ∞          Reflect  .   (no helmet)
rElec   +          Harm     .   (no cloak)
rCorr   .          Rampage  .   (no gloves)
Will    .....                   (no boots)
Stlth   ++........              (no amulet)
HPRegen 0.06/turn               (no ring)
MPRegen 0.10/turn               (no ring)

@: no status effects
A: sickness immunity, AC +3, negative energy resistance 1, electricity
resistance, torment resistance 1, petrification resistance
a: no special abilities


You were on level 2 of the Dungeon.
You visited 1 branch of the dungeon, and saw 2 of its levels.

You collected 78 gold pieces.

Inventory:

Hand Weapons
 b - a +0 spear (weapon)
Armour
 a - a +0 robe (worn)
Jewellery
 d - a +6 ring of intelligence
Potions
 c - a potion of attraction
 e - a potion of invisibility {unknown}


   Skills:
 + Level 1.0 Fighting
 + Level 0.9 Maces & Flails
 - Level 1.5 Dodging
 - Level 2.1 Stealth
 + Level 2.2 Spellcasting
 - Level 0.7 Transmutations
 * Level 3.5 Poison Magic


You had 3 spell levels left.
You knew the following spells:

 Your Spells              Type           Power      Damage    Failure   Level
a - Sting                 Tmut/Pois      36%        1d4       8%          1
b - Poisonous Vapours     Pois/Air       14%        N/A       14%         2

Your spell library contained the following spells:

 Spells                   Type           Power      Damage    Failure   Level
 Mephitic Cloud           Conj/Pois/Air  5%         N/A       34%         3
 Olgreb's Toxic Radiance  Pois           13%        N/A       41%         4


Dungeon Overview and Level Annotations

Branches:
Dungeon (2/15)

Altars:


Innate Abilities, Weirdness & Mutations

You are immune to sickness and miasma.
Your stone body is resilient. (AC +3)
You are immune to poison.
You resist negative energy. (rN+)
You are resistant to electric shocks. (rElec)
You are resistant to unholy torment.
You are immune to petrification.


Message History

You don't have enough magic to cast this spell.
Casting: Sting (safe; 8% risk of failure)
Confirm with . or Enter, or press ? or * to list all spells.
Aiming: Sting (safe; 8% risk of failure)
Press: ? - help, Shift-Dir - straight line, f - adder
Aim: an adder (48% to hit)
The sting misses the adder.
The adder bites you. The adder misses you.
Casting: Sting (safe; 8% risk of failure)
Confirm with . or Enter, or press ? or * to list all spells.
You don't have enough magic to cast this spell.
You barely miss the adder. The adder bites you.
You barely miss the adder. The adder misses you.
You closely miss the adder. The adder closely misses you. The adder bites you.
You barely miss the adder. The adder barely misses you.
You closely miss the adder. The adder misses you. The adder bites you.
You closely miss the adder. The adder barely misses you.
You completely miss the adder. The adder barely misses you.
The adder completely misses you.
Casting: Sting (safe; 8% risk of failure)
Confirm with . or Enter, or press ? or * to list all spells.
Aiming: Sting (safe; 8% risk of failure)
Press: ? - help, Shift-Dir - straight line, f/p - adder
Aim: an adder (48% to hit)
The sting hits the adder.
The adder is poisoned.
The adder is moderately wounded.
The adder bites you.
* * * LOW HITPOINT WARNING * * *
The adder misses you.
You see here 9 gold pieces.
The adder bites you but does no damage.
The adder looks more healthy.
The adder bites you.
* * * LOW HITPOINT WARNING * * *
Casting: Sting (safe; 8% risk of failure)
Confirm with . or Enter, or press ? or * to list all spells.
Aiming: Sting (safe; 8% risk of failure)
Press: ? - help, Shift-Dir - straight line, f/p - adder
Aim: an adder (severely wounded, 48% to hit)
The sting misses the adder.
The adder bites you.
You die...

....# #.#.# #.#.#
....## ### #.#.. ..#
#.#.# #.#
######.#.######.####
.......@S.....$....#
###
######.#.######.##.#
#.. ##...†######.#
#.# #............#
#.# ##...#########
#.# ##.## #.# #.#
#.# #.# ##.####
##'##


You could see an adder.

Vanquished Creatures
  An adder (D:2)
  4 ball pythons
  A giant cockroach (D:1)
  3 goblins
  2 hobgoblins (D:1)
  A kobold (D:1)
  2 bats (D:1)
  A frilled lizard (D:1)
  A rat (D:2)
16 creatures vanquished.

Notes
Turn   | Place    | Note
-------+----------+-------------------------------------------
     0 | D:1      | night the Gargoyle Venom Mage began the quest for the Orb.
     0 | D:1      | Reached XP level 1. HP: 10/10 MP: 3/3
   403 | D:1      | Reached XP level 2. HP: 16/16 MP: 3/5
   407 | D:1      | Learned a level 2 spell: Poisonous Vapours
   801 | D:2      | Reached skill level 1 in Fighting
   801 | D:2      | Reached XP level 3. HP: 17/20 MP: 1/6
   827 | D:2      | Slain by an adder

Illustrated notes

Levels and vault maps discovered:
D:1:      nicolae_arrival_somewhat_less_tricky_arrival, layout_rooms
D:2:      layout_loops_corners, hellmonk_ecumenical_altar_slurped_away,
          basic_altar, minmay_divided_ellipse

Skill      XL: |  1  2 |
---------------+-------+-----
Fighting       | 1 |  1.0
Maces & Flails | |  0.9
Dodging        | |  1.5
Stealth        | |  2.1
Spellcasting   | |  2.2
Transmutations | |  0.7
Poison Magic   | |  3.5

Action                   || total
-------------------------++-------
Melee: Spear             ||    21
 Cast: Sting             ||    24
  Use: Scroll            ||     2
 Stab: Sleeping          ||     1
Armor: Robe              ||    13
Dodge: Dodged            ||    20
